 Dungeon Crawl Stone Soup version 0.26-a0-651-gb41185065b (webtiles) character file.

Game seed: 6407022449339930402

1341 kae the Transmogrifier (level 8, -1/64 HPs)
             Began as a Naga Transmuter on Oct 30, 2020.
             Was a Believer of Cheibriados.
             Slain by a white imp (3 damage)
             ... on level 5 of the Dungeon.
             The game lasted 00:04:06 (8175 turns).

kae the Transmogrifier (Naga Transmuter)            Turns: 8175, Time: 00:04:06

Health: -1/64      AC:  2    Str: 18    XL:     8   Next: 62%
Magic:  9/11       EV: 19    Int: 18    God:    Cheibriados [**....]
Gold:   361        SH:  0    Dex: 21    Spells: 2/11 levels left

rFire    . . .     SeeInvis +     - Unarmed
rCold    . . .     Faith    .   (shield currently unavailable)
rNeg     . . .     Spirit   .   (armour currently unavailable)
rPois    x         Reflect  .   (helmet currently unavailable)
rElec    .         Harm     .   (cloak currently unavailable)
rCorr    .         Rampage  .   (gloves currently unavailable)
MR       ++...                  (no barding)
Stlth    ++........             (no amulet)
HPRegen  0.20/turn              d - ring of protection from magic
MPRegen  0.12/turn              f - ring of wizardry

@: spider-form, very slow
A: tiny, see invisible, spit poison 1, AC +2
a: Spit Poison, End Transformation, Bend Time, Renounce Religion


You were on level 5 of the Dungeon.
You worshipped Cheibriados.
Cheibriados was pleased with you.
You were a venomous arachnid creature.
You visited 1 branch of the dungeon, and saw 5 of its levels.

You collected 361 gold pieces.

Inventory:

Armour
 a - a +0 robe (melded)
 e - a +1 pair of gloves (melded)
Jewellery
 d - a ring of protection from magic (left front leg)
 f - a ring of wizardry (right front leg)
Wands
 b - a wand of paralysis (7)
 m - a wand of polymorph (11)
Scrolls
 g - 2 scrolls of fog
 n - a scroll of fear {unknown}
 p - 5 scrolls of identify {unknown}
 q - a scroll of teleportation
Potions
 c - a potion of stabbing {unknown}
 h - 2 potions of curing {unknown}
 i - 2 potions of degeneration {unknown}
 j - a potion of invisibility {unknown}
 k - 2 potions of heal wounds {unknown}
 l - 2 potions of mutation {unknown}
 o - a potion of lignification {unknown}


   Skills:
 - Level 1.0 Fighting
 - Level 1.5 Dodging
 + Level 6.3 Unarmed Combat
 - Level 2.0 Spellcasting
 * Level 8.2 Transmutations
 - Level 4.0 Poison Magic


You had 2 spell levels left.
You knew the following spells:

 Your Spells              Type           Power        Failure   Level
a - Beastly Appendage     Tmut           ####..       1%          1
b - Spider Form           Tmut/Pois      ###.......   5%          3
c - Blade Hands           Tmut           ####......   16%         5

Your spell library contained the following spells:

 Spells                   Type           Power        Failure   Level
 Wereblood                Tmut           ####....     1%          2
 Ice Form                 Ice/Tmut       ###.....     26%         4


Dungeon Overview and Level Annotations

Branches:
Dungeon (5/15)             Temple (0/1) D:5

Altars:
Ashenzari
Cheibriados
Okawaru

Annotations:
D:5 2 transporters, EnegeticOcto's ghost, weakling DDDe


Innate Abilities, Weirdness & Mutations

You cannot wear boots.
((Your serpentine skin is tough. (AC +2)))
You have supernaturally acute eyesight. (SInv)
((Armour fits poorly on your strangely shaped body.))
((Your system is resistant to poisons. (rPois)))
((You cover ground very slowly.))
You can spit poison.


Message History

The jelly is heavily wounded.
The white imp completely misses you. The jelly hits you but does no damage.
You hit the jelly.
The jelly is poisoned.
Your front legs burn!
* * * LOW HITPOINT WARNING * * *
The jelly is almost dead.
The white imp completely misses you. The jelly closely misses you.
You hit the jelly.
You kill the jelly!
Cheibriados appreciates the change of pace.
The white imp hits you but does no damage.
You hit the white imp but do no damage.
The white imp hits you but does no damage.
You hit the white imp but do no damage. The white imp gestures at you.
The puff of frost hits you!
* * * LOW HITPOINT WARNING * * *
You barely miss the white imp. The white imp hits you.
* * * LOW HITPOINT WARNING * * *
The white imp freezes you.
You die...

......#.## # #
##.....#.# #. #.
.########.# #.###.###.#
##'## ... #....# ##...##
#.###.## ##.....#
#(#.#(## ##.......
.######5....####........
.......s.......+........
.######).......#........
#..#.###.##.......
#..### #.###.....#
#..### #.# ##...##
#....# #.# ##)## #.##.#
#.# #.# #.##.###.# #.#
#........# ##.##


You could see a white imp.

Vanquished Creatures
  Grinder (D:4)
  2 sky beasts (D:5)
  A phantom (D:5)
  2 ogres
  A centaur (D:5)
  A bullfrog (D:4)
  2 jellies (D:5)
  An orc priest (D:4)
  3 worker ants
  5 orc wizards
  2 hound skeletons (D:5)
  11 adders
  A shadow imp (D:5)
  A white imp (D:5)
  An ufetubus (D:5)
  An ooze (D:2)
  4 worms
  3 dart slugs
  7 leopard geckos
  12 orcs
  9 bats
  9 giant cockroaches
  7 goblins
  14 hobgoblins
  10 jackals
  11 kobolds
  2 quokkas
  A ball python (D:3)
  A ball python skeleton (D:5)
  5 frilled lizards
  10 rats
141 creatures vanquished.

Vanquished Creatures (others)
  14 plants (D:2)
14 creatures vanquished.

Grand Total: 155 creatures vanquished

Notes
Turn   | Place    | Note
-------+----------+-------------------------------------------
     0 | D:1      | kae the Naga Transmuter began the quest for the Orb.
     0 | D:1      | Reached XP level 1. HP: 18/18 MP: 3/3
   484 | D:1      | Reached XP level 2. HP: 16/25 MP: 3/5
  1275 | D:1      | Reached skill level 3 in Transmutations
  1308 | D:1      | Reached XP level 3. HP: 31/31 MP: 4/6
  1313 | D:1      | Learned a level 3 spell: Spider Form
  1900 | D:1      | Reached skill level 1 in Poison Magic
  2213 | D:2      | Reached XP level 4. HP: 21/38 MP: 4/7
  3574 | D:3      | Noticed an ogre
  3587 | D:3      | Killed an ogre
  3587 | D:3      | Reached skill level 4 in Transmutations
  3587 | D:3      | Reached XP level 5. HP: 27/44 MP: 4/8
  4359 | D:3      | Reached XP level 6. HP: 51/51 MP: 5/9
  4665 | D:3      | Found a broken altar of Ashenzari.
  5395 | D:4      | Found a snail-covered altar of Cheibriados.
  5492 | D:4      | Became a worshipper of Cheibriados the Contemplative
  5761 | D:4      | Noticed Grinder
  5781 | D:4      | Killed Grinder
  5781 | D:4      | Reached skill level 5 in Transmutations
  5781 | D:4      | Reached XP level 7. HP: 7/57 MP: 2/10
  6050 | D:4      | Found an iron altar of Okawaru.
  6441 | D:4      | Reached skill level 5 in Unarmed Combat
  6441 | D:4      | Reached skill level 6 in Transmutations
  6746 | D:4      | Reached * piety under Cheibriados
  7061 | D:5      | Entered Level 5 of the Dungeon
  7061 | D:5      | Found a staircase to the Ecumenical Temple.
  7123 | D:5      | Reached skill level 7 in Transmutations
  7123 | D:5      | Reached XP level 8. HP: 64/64 MP: 7/11
  7790 | D:5      | Learned a level 5 spell: Blade Hands
  7990 | D:5      | Found a transporter.
  7993 | D:5      | Found a transporter.
  7993 | D:5      | Noticed EnegeticOcto's ghost (weakling DDDe)
  8168 | D:5      | Reached ** piety under Cheibriados
  8168 | D:5      | Reached skill level 8 in Transmutations
  8174 | D:5      | HP: 3/64 [white imp/puff of frost (12)]
  8175 | D:5      | Slain by a white imp

Illustrated notes

Levels and vault maps discovered:
D:1:      dpeg_arrival_chambers_temple_mockup, layout_loops_ring
D:2:      layout_basic, serial_forest, infiniplex_forest_corner_1,
          infiniplex_forest_lined_3, infiniplex_forest_clump_large,
          infiniplex_forest_zigzag_1, infiniplex_forest_lined_2,
          infiniplex_forest_clump_medium, infiniplex_forest_clump_diagonal,
          infiniplex_forest_clump_diagonal
D:3:      minmay_thinvault, layout_basic, lemuel_doored_altar,
          roderic_lattice_a, kennysheep_generic_room_12
D:4:      layout_gridville, okawaru_gym_becter, marbit_many_paths, uniq_grinder
D:5:      layout_loops_corners, minmay_temple_entry_stoned_glass,
          gammafunk_ghost_smash

Skill      XL: |  1  2  3  4  5  6  7  8 |
---------------+-------------------------+-----
Transmutations | 3 4 5 7 8 |  8.2
Poison Magic   | 1 3 4 |  4.0
Unarmed Combat | 4 5 6 |  6.3
Fighting       | |  1.0
Dodging        | |  1.5
Spellcasting   | |  2.0

Action                   |  1- 3 |  4- 6 |  7- 9 || total
-------------------------+-------+-------+-------++-------
Melee: Unarmed           |   122 |   243 |   146 ||   511
       Headbutt          |     9 |     3 |       ||    12
       Punch             |     1 |       |       ||     1
 Cast: Beastly Appendage |    19 |    10 |       ||    29
       Spider Form       |     2 |    28 |    19 ||    49
       Blade Hands       |       |       |     1 ||     1
 Abil: Spit Poison       |     4 |     5 |       ||     9
  Use: Scroll            |       |     7 |     2 ||     9
 Stab: Sleeping          |     3 |       |       ||     3
Armor: Robe              |    16 |    58 |     4 ||    78
       Skin              |     2 |     7 |    12 ||    21
Dodge: Dodged            |    76 |   182 |   123 ||   381

Table legend: (Time is in decaauts)
 A = Elapsed time spent in this place.
 B = Non-inter-level travel time spent in this place.
 C = Inter-level travel time spent in this place.
 D = Time resting spent in this place.
 E = Time spent auto-exploring this place.
 F = Levels seen in this place.
 G = Mean time per level.
                   A        B        C        D        E       F      G
               +--------+--------+--------+--------+--------+-----+--------+
         Total |   9569 |   9250 |    319 |    329 |   7732 |   5 | 1913.8 |
       Dungeon |   9569 |   9250 |    319 |    329 |   7732 |   5 | 1913.8 |
               +--------+--------+--------+--------+--------+-----+--------+

Top non-repeatable levels by time:
     D:1: 2431 daAuts
     D:4: 2307 daAuts
     D:3: 1991 daAuts
     D:2: 1454 daAuts
     D:5: 1385 daAuts
